 Dungeon Crawl Stone Soup version 0.22-a0-136-g83a10e5 (webtiles) character file.

116 Dirtyleaf the Conjurer (level 5, -1/37 HPs)
             Began as a Human Conjurer on Feb 2, 2018.
             Slain by an adder (2 damage)
             ... on level 2 of the Dungeon.
             The game lasted 00:16:29 (5621 turns).

Dirtyleaf the Conjurer (Human Conjurer)             Turns: 5621, Time: 00:16:29

Health: -1/37      AC:  5    Str:  9    XL:     5   Next: 21%
Magic:  0/8        EV: 12    Int: 16    God:
Gold:   57         SH:  0    Dex: 13    Spells: 3/9 levels left

rFire    . . .     SeeInvis .   e - +0 dagger
rCold    . . .     Gourm    .   (no shield)
rNeg     . . .     Faith    .   c - +0 leather armour (curse)
rPois    .         Spirit   +   d - +0 helmet
rElec    .         Reflect  .   (no cloak)
rCorr    .         Harm     .   (no gloves)
MR       .....     Rnd*Tele +   (no boots)
Stlth    ++........             f - amulet of guardian spirit
HPRegen  0.12/turn              g - ring of teleportation (curse)
MPRegen  0.11/turn              h - +1 ring of protection

@: no status effects
A: no striking features
a: no special abilities


You were on level 2 of the Dungeon.
You were not hungry.

You visited 1 branch of the dungeon, and saw 3 of its levels.

You collected 57 gold pieces.

Inventory:

Hand Weapons
 e - a +0 dagger (weapon)
Armour
 a - a +0 robe
 c - a cursed +0 leather armour (worn)
 d - a +0 helmet (worn)
Jewellery
 f - an amulet of guardian spirit (around neck)
 g - a cursed ring of teleportation (left hand)
 h - a +1 ring of protection (right hand)
Scrolls
 j - 2 scrolls of identify
Books
 b - a book of Conjurations

   Spells                             Type                      Level
   a - Magic Dart                     Conjuration                  1
   b - Searing Ray                    Conjuration                  2
   c - Dazzling Spray                 Conjuration/Hexes            3
   d - Fulminant Prism                Conjuration/Hexes            4
   e - Force Lance                    Conjuration/Translocation    4
   f - Iskenderun's Mystic Blast      Conjuration                  4


   Skills:
 + Level 1.0 Fighting
 + Level 0.1 Armour
 + Level 2.3 Dodging
 + Level 2.5 Stealth
 + Level 1.0 Unarmed Combat
 + Level 2.6 Spellcasting
 + Level 5.0 Conjurations


You had 3 spell levels left.
You knew the following spells:

 Your Spells              Type           Power        Failure   Level  Hunger
a - Magic Dart            Conj           ###.         3%          1    #......
b - Searing Ray           Conj           ###...       5%          2    ##.....
c - Dazzling Spray        Conj/Hex       ##....       28%         3    ###....


Dungeon Overview and Level Annotations

Branches:
Dungeon (3/15)

Altars:


Message History

Unknown command.
Casting: Searing Ray (safe; 5% risk of failure)
Confirm with . or Enter, or press ? or * to list all spells.
Aiming: Searing Ray (safe; 5% risk of failure)
Press: ? - help, Shift-Dir - straight line, f - adder
Aim: an adder (lightly wounded)
The searing ray hits the adder.
The adder is heavily wounded. (Press . to maintain the ray.)
The adder misses you.
You hit the adder but do no damage.
The adder is heavily wounded.
The adder bites you but does no damage.
You closely miss the adder.
The adder is heavily wounded.
The adder bites you but does no damage.
You hit the adder.
The adder is severely wounded.
The adder misses you. The adder bites you.
You die...

.#.#.........#..#......#...#
.........#####..##....##...#
.#.#####.#.......#....#....#
.#.....).#.#####........##.#
.#########.# ###########.#
.......#...# #.#
.#####.#.### #.#
.#####.#.########### #.#
................@S># #.#
..........#.######.# #.#
#....#.#.##.# #.# #.#
#....#.#.##.# #.# #.#
.....#.#.##.# #.# #.#
...รท.#.#.##.# #.# #.#
.....#.#.##.# #.# #.#
.....#.#.##.# #.# #.#
.......#.##.## #.# #.#


You could see an adder.

Vanquished Creatures
  An orc wizard (D:2)
  3 gnolls (D:3)
  An ooze (D:1)
  2 worms (D:2)
  A leopard gecko (D:2)
  2 orcs (D:2)
  10 bats
  2 giant cockroaches (D:1)
  7 hobgoblins
  3 jackals (D:2)
  A quokka (D:2)
  2 frilled lizards (D:1)
  5 goblins (D:1)
  2 kobolds (D:1)
  4 rats
46 creatures vanquished.

Notes
Turn   | Place    | Note
-------+----------+-------------------------------------------
     0 | D:1      | Dirtyleaf the Human Conjurer began the quest for the Orb.
     0 | D:1      | Reached XP level 1. HP: 13/13 MP: 3/3
   597 | D:1      | Reached XP level 2. HP: 19/19 MP: 3/5
  1153 | D:1      | Learned a level 2 spell: Searing Ray
  1614 | D:1      | Reached XP level 3. HP: 19/24 MP: 0/6
  3978 | D:2      | Reached XP level 4. HP: 31/31 MP: 3/7
  4190 | D:2      | Learned a level 3 spell: Dazzling Spray
  5583 | D:3      | Reached skill level 5 in Conjurations
  5583 | D:3      | Reached XP level 5. HP: 36/36 MP: 4/8
  5592 | D:3      | Reached skill level 1 in Fighting
  5592 | D:3      | Reached skill level 1 in Unarmed Combat
  5612 | D:2      | HP: 1/37 [poisoned by an adder]
  5617 | D:2      | HP: 1/37 [adder (1)]
  5621 | D:2      | Slain by an adder

Vault maps used:
D:1:      roderic_dead_forest, hangedman_decor_growths
D:2:      first_ration, minmay_misc_feat_iff
D:3:      lemuel_castle_with_subvaults, chequers_ecumenical_altar_simple,
          minmay_tree_intersection, uniq_robin

Skill      XL: |  1  2  3  4  5 |
---------------+----------------+-----
Conjurations   | 5 |  5.0
Fighting       | 1 |  1.0
Unarmed Combat | 1 |  1.0
Armour         | |  0.1
Dodging        | |  2.3
Stealth        | |  2.5
Spellcasting   | |  2.6

Action                   |  1- 3 |  4- 6 || total
-------------------------+-------+-------++-------
Melee: Unarmed           |    53 |    39 ||    92
       Dagger            |       |    25 ||    25
 Cast: Magic Dart        |    72 |    18 ||    90
       Searing Ray       |     3 |     6 ||     9
  Use: Scroll            |     3 |     4 ||     7
       Potion            |     3 |     2 ||     5
  Eat: Ration            |     4 |     1 ||     5
       Chunk             |     1 |       ||     1
Armor: Robe              |    12 |    15 ||    27
       Leather armour    |       |    16 ||    16
Dodge: Dodged            |    32 |    57 ||    89

Table legend:
 A = Spawn XP
 B = Non-spawn XP
 C = Spawn XP percentage of total XP
 D = Spawn monster count
 E = Non-spawn monster count
 F = Spawn count percentage of total count
 G = Total turns spent on level
                    A         B        C        D         E        F      G
               +---------+---------+-------+---------+---------+-------+---------
         Total |       0 |     167 |   0.0 |       0 |      46 |   0.0 |  5621
               +---------+---------+-------+---------+---------+-------+---------
           D:1 |       0 |      45 |   0.0 |       0 |      26 |   0.0 |  2718
           D:2 |       0 |      81 |   0.0 |       0 |      17 |   0.0 |  2882
           D:3 |       0 |      41 |   0.0 |       0 |       3 |   0.0 |    21
               +---------+---------+-------+---------+---------+-------+---------
